 Seeded DCSS version 0.27-a0-1500-g450c7e4133 (webtiles) character file.

Game seed: 20210708 (custom seed)

484 muata the Skirmisher (level 6, -2/60 HPs)
             Began as a Minotaur Berserker on July 8, 2021.
             Was a Priest of Trog.
             Engulfed by a cloud of foul pestilence (3 damage)
             ... on level 3 of the Dungeon.
             The game lasted 00:05:58 (2281 turns).

muata the Skirmisher (Minotaur Berserker)           Turns: 2281, Time: 00:05:59

Health: -2/60      AC:  3    Str: 23    XL:     6   Next: 88%
Magic:  5/5        EV:  9    Int:  4    God:    Trog [***...]
Gold:   103        SH:  7    Dex: 10    Spells: 5/5 levels left

rFire    . . .     SeeInvis .   p - +0 war axe
rCold    . . .     Faith    .   e - +0 kite shield
rNeg     . . .     Spirit   .   i - +0 leather armour
rPois    .         Reflect  .   (helmet restricted)
rElec    .         Harm     .   (no cloak)
rCorr    .         Rampage  .   (no gloves)
Will     .....                  (no boots)
Stlth    +.........             j - amulet of regeneration
HPRegen  1.20/turn              (no ring)
MPRegen  0.09/turn              (no ring)

@: lethally poisoned (-2 -> -37), on berserk cooldown, flying, slowed, very slow
A: horns 2, retaliatory headbutt
a: Renounce Religion, Berserk, Trog's Hand


You were on level 3 of the Dungeon.
You worshipped Trog.
Trog was most pleased with you.
You visited 1 branch of the dungeon, and saw 3 of its levels.

You collected 103 gold pieces.

Inventory:

Hand Weapons
 a - a +0 hand axe
 p - a +0 war axe (weapon)
Missiles
 m - 2 throwing nets (quivered)
Armour
 e - a +0 kite shield (worn)
 i - a +0 leather armour (worn)
Jewellery
 j - an amulet of regeneration (around neck)
Scrolls
 b - a scroll of immolation {unknown}
 c - 2 scrolls of enchant armour {unknown}
 d - 3 scrolls of identify {unknown}
 g - a scroll of magic mapping {unknown}
 k - a scroll of fear {unknown}
 l - a scroll of blinking {unknown}
Potions
 f - a potion of berserk rage {unknown}
 n - a potion of brilliance {unknown}
 o - a potion of degeneration {unknown}


   Skills:
 + Level 7.1 Fighting
 - Level 3.6 Axes
 + Level 6.5 Armour
 - Level 2.1 Dodging


You had 5 spell levels left.
You didn't know any spells.
Your spell library was empty.

Dungeon Overview and Level Annotations

Branches:
Dungeon (3/15)

Altars:
Gozag


Innate Abilities, Weirdness & Mutations

You have a pair of horns on your head.
You reflexively headbutt those who attack you in melee.


Message History

You block dickylongcocking's ghost's attack.
You completely miss dickylongcocking's ghost.
Dickylongcocking's ghost is severely damaged.
Dickylongcocking's ghost hits you.
You barely miss dickylongcocking's ghost.
Dickylongcocking's ghost is severely damaged.
Dickylongcocking's ghost hits you but does no damage.
You slash dickylongcocking's ghost!
Dickylongcocking's ghost is almost destroyed.
Dickylongcocking's ghost mumbles some strange words.
You smell decay.
You barely miss dickylongcocking's ghost.
Your headbutt misses dickylongcocking's ghost.
Dickylongcocking's ghost is almost destroyed.
You are engulfed in dark miasma.
You are poisoned.
You feel yourself slow down.
Your skin stops crawling.
You feel less strong-willed.
You feel extremely sick.
Dickylongcocking's ghost casts a spell at you.
The blast of sand hits you!
You slash dickylongcocking's ghost!
You destroy dickylongcocking's ghost!
Trog accepts your kill.
Trog appreciates your killing of a magic user.
You are engulfed in dark miasma.
You are more poisoned.
* * * LOW HITPOINT WARNING * * *
You are no longer berserk.
You are exhausted.
You feel as though you will be slow longer.
* * * LOW HITPOINT WARNING * * *
You feel extremely sick.
Your Fighting skill increases to level 7!
Your Armour skill increases to level 6!
It was a potion of flight.
You feel very buoyant.
You fly up into the air.
You are engulfed in dark miasma.
You are more poisoned.
You die...

...# ...# ######## ...####∩8.##.#
....##∩...$#.# #+#.##8$...'.##
###### +....#∩.8_.'..# #.....
##.###8..$.'..# #.....
.....#.$$..#..######### #.....
##...##.8.##..○÷@.....# #.....
##....###############.#########.#
.................................
...#########.#.##.....#########.#
#### ####.#.....#### #.#
#....#.##..##### #.#
#.####.##......##### #.# ###
##.#...[.#.###......# #.# ..##
#........#.# #.....(####.#


There were no monsters in sight!

Vanquished Creatures
  The ghost of dickylongcocking the Magician, an amateur DjFE (D:3)
  A necrophage (D:3)
  An iguana (D:3)
  3 orc wizards (D:3)
  4 adders
  A worm (D:2)
  A dart slug (D:1)
  5 orcs (D:3)
  6 ball pythons
  5 endoplasms
  3 giant cockroaches
  4 goblins
  8 hobgoblins
  4 jackals (D:1)
  A kobold (D:2)
  2 quokkas (D:3)
  9 bats
  9 frilled lizards
  11 rats
79 creatures vanquished.

Vanquished Creatures (others)
  An orc (D:3)
1 creature vanquished.

Grand Total: 80 creatures vanquished

Notes
Turn   | Place    | Note
-------+----------+-------------------------------------------
     0 | D:1      | muata the Minotaur Berserker began the quest for the Orb.
     0 | D:1      | Reached XP level 1. HP: 19/19 MP: 0/0
   376 | D:1      | Reached skill level 4 in Fighting
   376 | D:1      | Reached XP level 2. HP: 23/27 MP: 1/1
   631 | D:1      | Reached XP level 3. HP: 29/34 MP: 2/2
   714 | D:1      | Found a faded altar of an unknown god.
   724 | D:1      | Reached ** piety under Trog
  1745 | D:3      | Reached XP level 4. HP: 41/41 MP: 3/3
  1773 | D:3      | Reached skill level 5 in Fighting
  1886 | D:3      | Reached XP level 5. HP: 41/47 MP: 4/4
  1888 | D:3      | Reached *** piety under Trog
  1890 | D:3      | Reached skill level 5 in Armour
  1913 | D:3      | Noticed a necrophage
  1933 | D:3      | Killed a necrophage
  1934 | D:3      | Reached skill level 6 in Fighting
  1934 | D:3      | Reached XP level 6. HP: 57/57 MP: 5/5
  2196 | D:3      | Found a runed translucent gate.
  2196 | D:3      | Found an opulent altar of Gozag.
  2197 | D:3      | Found a runed translucent gate.
  2198 | D:3      | Found a runed translucent gate.
  2198 | D:3      | Noticed dickylongcocking's ghost (amateur DjFE)
  2280 | D:3      | Killed dickylongcocking's ghost
  2280 | D:3      | HP: 1/58 [poison (dark miasma)]
  2281 | D:3      | Reached skill level 7 in Fighting
  2281 | D:3      | Engulfed by a cloud of foul pestilence

Illustrated notes

Levels and vault maps discovered:
D:1:      dpeg_arrival_fog, layout_rooms, shapermc_ecumenical_altar_venn
D:2:      layout_basic
D:3:      layout_basic, ebering_ghost_gozag, minmay_strange_pillars

Skill      XL: |  1  2  3  4  5  6 |
---------------+-------------------+-----
Fighting       | 4 5 6 7 |  7.1
Armour         | 3 4 5 6 |  6.5
Axes           | |  3.6
Dodging        | |  2.1

Action                   |  1- 3 |  4- 6 || total
-------------------------+-------+-------++-------
Melee: Hand axe          |    90 |    54 ||   144
       Headbutt          |    12 |    14 ||    26
       War axe           |       |    24 ||    24
Invok: Berserk           |       |     4 ||     4
       Trog's Hand       |       |     2 ||     2
  Use: Potion            |       |     1 ||     1
Armor: Animal skin       |    18 |       ||    18
       Leather armour    |    13 |    19 ||    32
Dodge: Dodged            |    71 |    23 ||    94
Block: Kite shield       |    15 |    27 ||    42

Table legend: (Time is in decaauts)
 A = Elapsed time spent in this place.
 B = Non-inter-level travel time spent in this place.
 C = Inter-level travel time spent in this place.
 D = Time resting spent in this place.
 E = Time spent auto-exploring this place.
 F = Levels seen in this place.
 G = Mean time per level.
                   A        B        C        D        E       F      G
               +--------+--------+--------+--------+--------+-----+--------+
         Total |   2359 |   2308 |     51 |    250 |   1508 |   3 |  786.3 |
       Dungeon |   2359 |   2308 |     51 |    250 |   1508 |   3 |  786.3 |
               +--------+--------+--------+--------+--------+-----+--------+

Top non-repeatable levels by time:
     D:2: 942 daAuts
     D:1: 806 daAuts
     D:3: 610 daAuts
